 Dungeon Crawl Stone Soup version 0.19.1-1-g22dce08 (webtiles) character file.

1313 McKennaii the Thaumaturge (level 8, -2/48 HPs)
             Began as a High Elf Wizard on Jan 6, 2017.
             Killed by divine providence
             ... invoked by an orc priest
              (15 damage)
             ... on level 6 of the Dungeon.
             The game lasted 00:25:31 (4261 turns).

McKennaii the Thaumaturge (High Elf Wizard)         Turns: 4261, Time: 00:25:33

Health: -2/48      AC:  9    Str:  7    XL:     8   Next: 32%
Magic:  11/21      EV: 13    Int: 23    God:
Gold:   284        SH:  0    Dex: 14    Spells: 7 memorised, 8 levels left

rFire  . . .     SeeInvis .     v - +1 falchion (holy)
rCold  . . .     Gourm    .     a - +0 robe
rNeg   . . .     Faith    .     (no shield)
rPois  .         Spirit   .     b - +0 hat
rElec  .         Reflect  .     (no cloak)
rCorr  .         Harm     .     f - +1 pair of gloves
MR     .....                    (no boots)
Stlth  ++........               (no amulet)
                                (no ring)
                                g - +5 ring of protection

@: drained
A: no striking features
a: no special abilities


You were on level 6 of the Dungeon.
You were not hungry.

You visited 1 branch of the dungeon, and saw 6 of its levels.

You collected 284 gold pieces.

Inventory:

Hand Weapons
 l - a +2 dagger of venom
 v - a +1 falchion of holy wrath (weapon)
Armour
 a - a +0 robe (worn)
 b - a +0 hat (worn)
 f - a +1 pair of gloves (worn)
Jewellery
 g - a +5 ring of protection (left hand)
Scrolls
 h - 4 scrolls of identify
 i - 2 scrolls of recharging {unknown}
 j - 2 scrolls of magic mapping {unknown}
 k - 2 scrolls of enchant weapon {unknown}
 m - 5 scrolls of teleportation {unknown}
 n - 2 scrolls of remove curse
 o - a scroll of blinking {unknown}
 q - 3 scrolls of fog {unknown}
 r - a scroll of enchant armour {unknown}
Potions
 e - 4 potions of curing
 s - a potion of flight {unknown}
 t - a potion of heal wounds {unknown}
Books
 c - a book of Minor Magic

   Spells                             Type                      Level
   a - Magic Dart                     Conjuration                  1
   b - Blink                          Translocation                2
   c - Call Imp                       Summoning                    2
   d - Repel Missiles                 Charms/Air                   2
   e - Slow                           Hexes                        2
   f - Conjure Flame                  Conjuration/Fire             3
   g - Mephitic Cloud                 Conjuration/Poison/Air       3
Comestibles
 d - 3 bread rations
 u - a meat ration


   Skills:
 + Level 1.4(1.2) Fighting
 + Level 2.2(2.1) Short Blades
 + Level 3.2(3.1) Dodging
 + Level 3.2(3.1) Stealth
 + Level 0.7(0.6) Unarmed Combat
 + Level 8.3(8.1) Spellcasting
 + Level 4.4(4.3) Conjurations
 + Level 4.1(4.0) Summonings
 + Level 1.1(0.9) Translocations


You had 8 spell levels left.
You knew the following spells:

 Your Spells              Type           Power        Failure   Level  Hunger
a - Magic Dart            Conj           ####         1%          1    None
b - Call Imp              Summ           ####....     1%          2    None
c - Blink                 Tloc           N/A          10%         2    None
d - Slow                  Hex            #.......     12%         2    None
e - Repel Missiles        Chrm/Air       #.....       12%         2    None
f - Conjure Flame         Conj/Fire      ###.....     10%         3    None
g - Mephitic Cloud        Conj/Pois/Air  ###.....     14%         3    None


Dungeon Overview and Level Annotations

Branches:
Dungeon (6/15)             Temple (0/1) D:6

Altars:
Dithmenos
Hepliaklqana
Makhleb

Annotations:
D:6 Menkaure


Message History

Your crimson imp hits Menkaure but does no damage. 2 orc priests come into view.
The orc priest looks satisfied for a moment.
Your crimson imp blinks!
Menkaure barely misses your crimson imp.
Your crimson imp hits Menkaure.
Okay, then.
As you read the scroll labeled NILEPP NOATWESHRI, it crumbles to dust.
You feel blessed for a moment.
It was a scroll of remove curse.
The orc priest calls down the wrath of Beogh upon you.
You struggle to resist.
Menkaure hits your crimson imp!
Your crimson imp hits Menkaure but does no damage.
The orc priest shouts!
You hear a shout!
Casting: Call Imp
Confirm with . or Enter, or press ? or * to list all spells.
A beastly little devil appears in a puff of frigid air.
You hear a shout! x2
The orc priest calls down the wrath of Beogh upon you.
Beogh smites you!
You die...

###########
#.ยง5.M5.@5#
##.#######.#
##..# ###.#
##.#.## ... oo
##.###.##.# .##
#.## ##...###.#
#
#>.###.........
##
#.#.#..########
.# #.##.#.#


You could see Menkaure, an orc priest, an orc wizard, 2 friendly crimson imps
and a friendly white imp.

Vanquished Creatures
  A phantom (D:5)
  A centaur (D:6)
  An ogre (D:4)
  A bullfrog (D:6)
  A scorpion (D:4)
  2 wights (D:6)
  A crimson imp (D:5)
  A centaur zombie (D:5)
  2 hounds
  A centaur skeleton (D:5)
  Natasha (twice) (D:2)
  An iguana (D:4)
  4 worker ants
  2 adders (D:2)
  A shadow imp (D:5)
  2 worms (D:4)
  2 dart slugs
  2 leopard geckos (D:1)
  7 orcs
  6 bats
  2 giant cockroaches
  13 hobgoblins
  6 jackals
  2 quokkas
  3 frilled lizards
  3 goblins
  A jackal zombie (D:5)
  5 kobolds
  6 rats
82 creatures vanquished.

Vanquished Creatures (collateral kills)
  Edmund (D:4)
  An orc warrior (D:6)
  2 ogres
  A bullfrog (D:5)
  2 scorpions (D:6)
  A wight (D:6)
  A howler monkey (D:5)
  A bullfrog zombie (D:5)
  A bullfrog skeleton (D:4)
  An orc priest (D:4)
  An orc wizard (D:4)
  2 worker ants (D:4)
  Ijyb (D:2)
  An adder (D:2)
  4 worms
  3 orcs
  A giant cockroach (D:6)
  A goblin (D:2)
26 creatures vanquished.

Grand Total: 108 creatures vanquished

Notes
Turn   | Place    | Note
-------+----------+-------------------------------------------
     0 | D:1      | McKennaii the High Elf Wizard began the quest for the Orb.
     0 | D:1      | Reached XP level 1. HP: 11/11 MP: 6/6
   236 | D:1      | Reached skill level 4 in Spellcasting
   236 | D:1      | Reached XP level 2. HP: 6/17 MP: 0/8
   652 | D:1      | Reached XP level 3. HP: 19/21 MP: 4/9
   840 | D:1      | Learned a level 2 spell: Call Imp
   843 | D:1      | Learned a level 2 spell: Blink
   846 | D:1      | Learned a level 2 spell: Slow
   849 | D:1      | Learned a level 2 spell: Repel Missiles
   963 | D:2      | Noticed Ijyb
  1052 | D:2      | Noticed Natasha
  1065 | D:2      | Killed Natasha
  1065 | D:2      | Reached skill level 1 in Summonings
  1188 | D:2      | Reached XP level 4. HP: 26/27 MP: 1/11
  1239 | D:2      | Noticed Natasha
  1263 | D:2      | Killed Natasha
  1263 | D:2      | Reached skill level 5 in Spellcasting
  1331 | D:2      | Killed Ijyb
  1401 | D:2      | Found a burning altar of Makhleb.
  1406 | D:2      | Reached XP level 5. HP: 19/31 MP: 1/13
  1762 | D:3      | Found a hazy altar of Hepliaklqana.
  1839 | D:3      | Found a shadowy altar of Dithmenos.
  2373 | D:4      | Noticed Edmund
  2393 | D:4      | Killed Edmund
  2393 | D:4      | Reached skill level 6 in Spellcasting
  2393 | D:4      | Reached XP level 6. HP: 37/37 MP: 1/16
  2484 | D:4      | Reached skill level 1 in Short Blades
  2522 | D:4      | Reached skill level 1 in Fighting
  2556 | D:4      | HP: 1/38 [orc/hand axe (6)]
  2781 | D:4      | Reached XP level 7. HP: 10/43 MP: 7/17
  3219 | D:5      | Entered Level 5 of the Dungeon
  3224 | D:5      | Learned a level 3 spell: Conjure Flame
  3228 | D:5      | Learned a level 3 spell: Mephitic Cloud
  3353 | D:5      | Reached skill level 7 in Spellcasting
  3780 | D:6      | Reached XP level 8. HP: 28/48 MP: 6/20
  3999 | D:6      | Reached skill level 8 in Spellcasting
  4014 | D:6      | Got a warped short sword {pierce}
  4207 | D:6      | Found a staircase to the Ecumenical Temple.
  4210 | D:6      | Noticed Menkaure
  4261 | D:6      | Killed from afar by an orc priest

Skill      XL: |  1  2  3  4  5  6  7  8 |
---------------+-------------------------+-----
Spellcasting   | 4 5 6 7 8 |  8.3
Summonings     | 1 2 3 4 |  4.1
Conjurations   | 2 3 4 |  4.4
Short Blades   | 1 2 |  2.2
Fighting       | 1 |  1.4
Dodging        | 3 |  3.2
Stealth        | 3 |  3.2
Unarmed Combat | |  0.7
Translocations | |  1.1

Action                   |  1- 3 |  4- 6 |  7- 9 || total
-------------------------+-------+-------+-------++-------
Melee: Unarmed           |    35 |       |       ||    35
       Dagger            |       |    36 |    52 ||    88
 Cast: Magic Dart        |    87 |    73 |    85 ||   245
       Call Imp          |     6 |    28 |    28 ||    62
  Use: Potion            |       |     1 |       ||     1
       Scroll            |       |       |     2 ||     2
 Stab: Distracted        |       |     1 |     1 ||     2
  Eat: Meat ration       |       |     1 |       ||     1
       Bread ration      |       |     1 |       ||     1
       Beef jerky        |       |       |     1 ||     1
Armor: Robe              |    10 |    20 |    13 ||    43
Dodge: Dodged            |    27 |    37 |    44 ||   108
